 Dungeon Crawl Stone Soup version 0.15-a0-35-ga771cbd (webtiles) character file.

8984 Froboctopus the Summoner (level 11, 0/75 HPs)
             Began as a Merfolk Summoner on Apr 1, 2014.
             Was an Elder of Sif Muna.
             Succumbed to a spiny frog's poison
             ... on Level 1 of the Lair of Beasts on Apr 2, 2014.
             The game lasted 00:45:10 (12183 turns).

Froboctopus the Summoner (Merfolk Summoner)        Turns: 12183, Time: 00:45:10

HP   0/75        AC  8     Str 10      XL: 11   Next: 29%
MP  22/25        EV 18     Int 16      God: Sif Muna [****..]
Gold 633         SH  0     Dex 15      Spells:  4 memorised, 12 levels left

rFire  . . .     SeeInvis .     k - +3,+1 spear (venom)
rCold  . . .     Clarity  +     a - +1 robe
rNeg   . . .     Conserve .     (no shield)
rPois  .         rCorr    .     (helmet restricted)
rElec  .         rRot     .     (no cloak)
SustAb . .       Spirit   .     (no gloves)
rMut   .         Warding  .     (no boots)
Saprov . . .     Stasis   .     m - amulet of clarity {unknown}
MR     .....                    u - cursed ring of regeneration
                                F - cursed +5 ring of protection

@: lethally poisoned, not resistant to hostile enchantments, fairly stealthy
A: change form in water, swift swim, antennae 1
a: Channel Energy, Forget Spell, Renounce Religion


You were on level 1 of the Lair of Beasts.
You worshipped Sif Muna.
Sif Muna was greatly pleased with you.
You were not hungry.

You visited 3 branches of the dungeon, and saw 12 of its levels.
You also visited: Ossuary.

You collected 633 gold pieces.

Inventory:

Hand weapons
 k - a +3,+1 spear of venom (weapon)
Armour
 a - a +1 robe (worn)
Magical devices
 n - a wand of teleportation (7)
 s - a wand of cold (7)
 t - a wand of digging (9)
 w - a wand of draining (7)
 y - a wand of magic darts (14)
 C - a wand of cold (9)
 H - a wand of digging (9)
 I - a wand of fire (0)
Comestibles
 c - 3 bread rations
 q - a rambutan
 B - 4 apricots
 G - 28 sultanas
 J - 17 strawberries
Scrolls
 e - 2 scrolls of teleportation
 g - 6 scrolls of remove curse
 h - a scroll of fear
 l - 6 scrolls of identify
 D - 2 scrolls of fog
Jewellery
 f - an uncursed ring of teleportation
 i - an uncursed amulet of inaccuracy {unknown}
 m - an amulet of clarity (around neck) {unknown}
 r - an uncursed ring of protection from cold
 u - a cursed ring of regeneration (right hand)
 v - a +6 ring of dexterity
 F - a cursed +5 ring of protection (left hand)
Potions
 d - 6 potions of heal wounds
 j - 7 potions of curing
 p - 5 potions of brilliance
 x - 2 potions of haste
 z - 2 potions of might
 A - 2 potions of restore abilities
Books
 b - a book of Callings

   Spells                             Type                      Level
   *Summon Small Mammal               Summoning                    1
   *Call Imp                          Summoning                    2
   Call Canine Familiar               Summoning                    3
   Summon Guardian Golem              Hexes/Summoning              4
   *Summon Lightning Spire            Summoning/Air                4
   *Summon Ice Beast                  Ice/Summoning                4
Magical staves
 E - an uncursed staff of earth


   Skills:
 + Level 3.1 Fighting
 + Level 9.6 Polearms
 + Level 8.9 Dodging
 - Level 2.1 Stealth
 + Level 6.9 Spellcasting
 * Level 10.0 Summonings
 - Level 8.8 Ice Magic


You had 12 spell levels left.
You knew the following spells:

 Your Spells              Type           Power        Failure   Level  Hunger
a - Summon Small Mammal   Summ           ####         1%          1    None
b - Call Imp              Summ           #####...     1%          2    None
c - Summon Ice Beast      Ice/Summ       #####...     2%          4    ####...
d - Summon Lightning Spi  Summ/Air       ###.....     17%         4    ####...


Dungeon Overview and Level Annotations

Branches:
Dungeon (10/15)            Temple (1/1) D:4            Lair (1/8) D:10
    Orc: D:9-12

Altars:
Ashenzari
Cheibriados
Dithmenos
Elyvilon
Fedhas
Kikubaaqudgha
Makhleb
Nemelex Xobeh
Okawaru
Sif Muna
Trog
Vehumet
Xom
Yredelemnul
Zin
The Shining One

Annotations:
D:9 Zuul's ghost, experienced DsGl


Innate Abilities, Weirdness & Mutations

You revert to your normal form in water.
You are very nimble and swift while swimming.
You have a pair of small antennae on your head.


Message History

You start resting!
* * * LOW HITPOINT WARNING * * *
You feel sick!
You start resting!
* * * LOW HITPOINT WARNING * * *
You feel sick!
You start resting!
* * * LOW HITPOINT WARNING * * *
You feel sick!
You start resting!
* * * LOW HITPOINT WARNING * * *
You feel sick!
You start resting!
* * * LOW HITPOINT WARNING * * *
You feel sick!
* * * LOW HITPOINT WARNING * * *
You feel sick!
* * * LOW HITPOINT WARNING * * *
You feel sick!
You die!!!

##.##...... .#.........
#.......... #.......#
###...{...## .##P....## ..#
h.......#.#...#
.###...%.##..#
...#...@.....♣ ♣♣♣♣♣♣♣♣♣
..............♣ ♣........
....#........♣ ♣........
....#........♣♣♣..######
...####.......♣♣..#⌠...#
.....##.......♣♣..'....#
...........#...♣♣..'..<.#
.....###........♣♣..'....#
.....>.....##...♣♣♣..#⌠...#


There were no monsters in sight!

Vanquished Creatures
  2 giant fireflies (Lair:1)
  Prince Ribbit (D:7)
  A basilisk (D:10)
  6 yaks (D:10)
  A hill giant zombie (D:9)
  A wyvern (D:8)
  A hippogriff (D:8)
  A hungry ghost (D:10)
  A sky beast (D:8)
  2 porcupines (D:10)
  A water moccasin (D:10)
  An ice beast (D:8)
  3 phantoms
  An orc warrior (D:9)
  3 ogres
  A centaur (D:10)
  6 giant frogs
  6 scorpions (Ossuary)
  6 killer bees
  A wight (D:9)
  A jelly (D:8)
  A centaur zombie (Ossuary)
  2 goliath beetles
  2 crimson imps (D:9)
  3 hounds
  2 big fish (D:6)
  2 iguanas (D:6)
  An orc wizard (D:5)
  4 worker ants
  Ijyb (D:2)
  A mottled dragon skeleton (D:10)
  2 mummies
  12 adders
  2 gnolls (D:3)
  4 scorpion zombies (Ossuary)
  A big fish zombie (D:5)
  3 giant mites
  An inept feature mimic (D:7)
  6 worms
  An orc zombie (D:6)
  2 giant eyeballs
  5 giant geckos
  An ooze (D:4)
  19 orcs
  8 bats
  A bat zombie (D:5)
  11 giant cockroaches
  A gnoll zombie (Ossuary)
  11 goblins
  14 hobgoblins
  9 kobolds
  3 quokkas
  2 ball pythons
  A giant gecko zombie (D:8)
  4 giant newts
  A giant spore (D:8)
  5 jackals
  An orc skeleton (D:4)
  15 rats
  3 rat zombies (D:5)
  A ballistomycete (D:8)
216 creatures vanquished.

Vanquished Creatures (collateral kills)
  An unseen horror (D:10)
  2 hill giants (D:10)
  A spiny frog (Lair:1)
  3 giant fireflies (Lair:1)
  A fire drake (Lair:1)
  3 basilisks (D:10)
  A formicid (D:5)
  A hill giant zombie (D:10)
  4 yaks (D:10)
  2 hill giant skeletons
  A necrophage (D:9)
  A porcupine (D:10)
  An ice beast (D:8)
  A water moccasin (Lair:1)
  A black bear (D:9)
  A phantom (D:5)
  A centaur (D:7)
  2 crocodiles (Lair:1)
  2 giant frogs
  2 giant slugs (D:10)
  2 scorpions (Ossuary)
  10 killer bees
  2 wights (D:9)
  2 crimson imps
  A hound (D:4)
  A human zombie (Ossuary)
  3 orc priests
  A jelly (D:8)
  6 orc wizards
  A quasit (D:7)
  2 ogre zombies (D:7)
  A mottled dragon skeleton (D:10)
  A mummy (Ossuary)
  A green rat (D:10)
  3 adders
  3 gnolls
  2 scorpion zombies (Ossuary)
  2 orc skeletons
  A shadow imp (D:8)
  An adder skeleton (D:8)
  An adder zombie (D:7)
  A giant eyeball (D:10)
  6 orcs
  A bat (D:3)
  A gnoll zombie (Ossuary)
  3 jackals (Lair:1)
  A giant newt (D:1)
  2 goblins
  2 goblin zombies (Ossuary)
  A hobgoblin zombie (Ossuary)
  2 orc zombies (Ossuary)
  3 rats
102 creatures vanquished.

Vanquished Creatures (others)
  23 ice beasts
  A scorpion (Ossuary)
  10 crimson imps
  An iron imp (D:7)
  A mummy (Ossuary)
  2 shadow imps
  11 white imps
  2 lightning spires
  A rat (D:3)
  A bush (D:10)
53 creatures vanquished.

Grand Total: 371 creatures vanquished

Notes
Turn   | Place    | Note
--------------------------------------------------------------
     0 | D:1      | Froboctopus, the Merfolk Summoner, began the quest for the Orb.
     0 | D:1      | Reached XP level 1. HP: 13/13 MP: 3/3
    73 | D:1      | Reached XP level 2. HP: 10/19 MP: 1/4
   210 | D:1      | Learned a level 2 spell: Call Imp
   670 | D:1      | Reached XP level 3. HP: 16/24 MP: 6/6
  1350 | D:2      | Reached skill level 1 in Polearms
  1414 | D:2      | Noticed Ijyb
  1431 | D:2      | Reached XP level 4. HP: 30/30 MP: 1/8
  1439 | D:2      | Killed Ijyb
  2053 | D:3      | Reached XP level 5. HP: 35/35 MP: 7/10
  2075 | D:3      | Learned a level 4 spell: Summon Ice Beast
  2205 | D:3      | Found a burning altar of Makhleb.
  2306 | D:3      | Reached skill level 5 in Summonings
  2542 | D:3      | Reached skill level 1 in Ice Magic
  2773 | D:4      | Paralysed by a giant eyeball for 2 turns
  2933 | D:4      | Found a staircase to the Ecumenical Temple.
  2941 | D:4      | Reached XP level 6. HP: 37/41 MP: 10/13
  2969 | Temple   | Entered the Ecumenical Temple
  3435 | D:5      | Entered Level 5 of the Dungeon
  3486 | D:5      | Found an iron altar of Okawaru.
  3492 | D:5      | Learned a level 4 spell: Summon Lightning Spire
  3549 | D:5      | Found a basalt altar of Yredelemnul.
  3620 | D:5      | Noticed a formicid
  3620 | D:5      | an ice beast changed into a formicid
  3632 | D:5      | Killed a formicid
  3735 | D:5      | Found an ancient bone altar of Kikubaaqudgha.
  3879 | D:5      | Found a sand-covered staircase.
  3903 | Ossuary  | Entered an ossuary
  4188 | Ossuary  | Reached XP level 7. HP: 26/46 MP: 6/15
  4797 | Ossuary  | Reached skill level 6 in Summonings
  4889 | Ossuary  | Reached skill level 5 in Dodging
  5285 | D:5      | Reached XP level 8. HP: 40/52 MP: 18/18
  5396 | D:5      | Found a deep blue altar of Sif Muna.
  5405 | D:5      | Became a worshipper of Sif Muna the Loreminder
  5795 | D:6      | Found a shimmering altar of Xom.
  5866 | D:6      | Reached skill level 5 in Polearms
  6135 | D:6      | Reached skill level 5 in Ice Magic
  6770 | D:7      | Noticed Prince Ribbit
  6788 | D:7      | Killed Prince Ribbit
  6788 | D:7      | Acquired Sif Muna's first power
  6788 | D:7      | Reached skill level 7 in Summonings
  6788 | D:7      | Reached XP level 9. HP: 52/57 MP: 9/20
  6966 | D:7      | Found an iron altar of Okawaru.
  7253 | D:8      | Reached skill level 5 in Spellcasting
  7289 | D:8      | Gained mutation: You have a pair of small antennae on your head. [potion of beneficial mutation]
  7775 | D:8      | Acquired Sif Muna's second power
  8034 | D:8      | Found a bloodstained altar of Trog.
  8453 | D:9      | Reached skill level 8 in Summonings
  8526 | D:9      | Noticed Zuul's ghost (experienced DsGl)
  8589 | D:9      | Upgraded the game from 0.15-a0-33-ga435e27 to 0.15-a0-35-ga771cbd
  9296 | D:9      | Reached XP level 10. HP: 14/63 MP: 8/23
  9759 | D:9      | Found a white marble altar of Elyvilon.
 10239 | D:10     | Entered Level 10 of the Dungeon
 10409 | D:10     | Paralysed by a giant eyeball for 2 turns
 10596 | D:10     | Reached skill level 9 in Summonings
 10716 | D:10     | Found a staircase to the Lair.
 10833 | D:10     | Noticed a hill giant
 10848 | D:10     | Killed a hill giant
 10848 | D:10     | Reached skill level 1 in Fighting
 11094 | D:10     | Noticed a hill giant
 11105 | D:10     | Killed a hill giant
 11189 | D:10     | Killed an unseen horror
 11324 | D:10     | Reached XP level 11. HP: 64/72 MP: 16/25
 11492 | D:10     | Acquired Sif Muna's third power
 11651 | Lair:1   | Entered Level 1 of the Lair of Beasts
 11965 | Lair:1   | Reached skill level 10 in Summonings
 12175 | Lair:1   | HP: 3/75 [poisoned by a spiny frog]
 12178 | Lair:1   | HP: 1/75 [poisoned by a spiny frog]
 12183 | Lair:1   | Succumbed to a spiny frog's poison

Action                   |  1- 3 |  4- 6 |  7- 9 | 10-12 || total
-------------------------+-------+-------+-------+-------++-------
Melee: Unarmed           |    11 |       |       |       ||    11
       Spear             |    82 |   198 |   549 |   403 ||  1232
 Cast: Summon Small Mamm |    10 |     2 |     1 |       ||    13
       Call Imp          |     3 |    22 |    43 |     8 ||    76
       Summon Ice Beast  |       |       |    31 |    47 ||    78
       Summon Lightning  |       |       |     4 |     4 ||     8
Evoke: Wand              |     1 |     4 |     5 |     2 ||    12
  Use: Scroll            |       |     1 |    22 |     1 ||    24
       Potion            |       |       |     5 |     2 ||     7
 Stab: Sleeping          |     4 |     6 |     8 |     8 ||    26
       Distracted        |     1 |     1 |     7 |    10 ||    19
